 Dungeon Crawl Stone Soup version 0.18-a0-1745-gffa9a88 (webtiles) character file.

179 Geeful the Chiller (level 5, -10/31 HPs)
             Began as an Octopode Ice Elementalist on Apr 11, 2016.
             Mangled by an ice beast (12 damage)
             ... on level 4 of the Dungeon.
             The game lasted 00:10:30 (4403 turns).

Geeful the Chiller (Octopode Ice Elementalist)      Turns: 4403, Time: 00:10:31

Health: -10/31     AC:  6    Str:  7    XL:     5   Next: 59%
Magic:  4/9        EV: 13    Int: 19    God:
Gold:   134        SH:  0    Dex: 12    Spells: 3 memorised, 2 levels left

rFire  . . .     SeeInvis +     q - +1 falchion (elec)
rCold  . . .     Gourm    .     (no shield)
rNeg   . . .     Faith    .     (helmet restricted)
rPois  .         Spirit   .     (no amulet)
rElec  .         Dismiss  .     f - ring of see invisible
rCorr  .         Reflect  .     s - ring of wizardry
SustAt .         Harm     .     (no ring)
MR     .....                    (no ring)
Stlth  +++.......               (no ring)
                                (no ring)
                                (no ring)
                                (no ring)

@: icy armour, slow, not resistant to hostile enchantments, fairly stealthy
A: almost no armour, amphibious, 8 rings, constrict 8, camouflage 1, gelatinous
body 1
a: no special abilities


You were on level 4 of the Dungeon.
You were hungry.

You visited 1 branch of the dungeon, and saw 4 of its levels.

You collected 134 gold pieces.

Inventory:

Hand Weapons
 q - a +1 falchion of electrocution (weapon)
Missiles
 l - 41 poisoned needles
Jewellery
 f - a ring of see invisible (left tentacle)
 s - a ring of wizardry (right tentacle)
Scrolls
 d - a scroll of enchant weapon
 e - 2 scrolls of teleportation
 h - a scroll of fog {unknown}
 i - 2 scrolls of blinking
 m - 2 scrolls of remove curse
 p - a scroll of amnesia {unknown}
 t - a scroll of random uselessness {unknown}
 u - a scroll of recharging {unknown}
Potions
 n - a potion of lignification
 o - 2 potions of haste
Books
 a - a book of Frost

   Spells                             Type                      Level
   a - Freeze                         Ice                          1
   b - Throw Frost                    Conjuration/Ice              2
   c - Ozocubu's Armour               Charms/Ice                   3
   d - Throw Icicle                   Conjuration/Ice              4
   e - Summon Ice Beast               Ice/Summoning                4
Comestibles
 b - 3 bread rations
 j - 3 meat rations
 k - a slice of pizza
 r - 5 chunks of flesh


   Skills:
 + Level 3.1 Dodging
 - Level 2.6 Stealth
 + Level 3.0 Spellcasting
 - Level 1.0 Conjurations
 * Level 4.8 Ice Magic


You had 2 spell levels left.
You knew the following spells:

 Your Spells              Type           Power        Failure   Level  Hunger
a - Freeze                Ice            ###.         1%          1    None
b - Ozocubu's Armour      Chrm/Ice       ##......     7%          3    ###....
c - Throw Icicle          Conj/Ice       ##......     22%         4    ####...


Dungeon Overview and Level Annotations

Branches:
Dungeon (4/15)
 Temple: D:4-7

Altars:
Dithmenos
Fedhas
Makhleb
Okawaru
Ru
Yredelemnul

Annotations:
D:2 exclusion: oklob plant


Innate Abilities, Weirdness & Mutations

You cannot wear most types of armour.
You are amphibious.
You can wear up to eight rings at the same time.
You can use your tentacles to constrict eight enemies at once.
Your skin changes colour to match your surroundings (Stealth).
Your rubbery body absorbs attacks (AC +1).


Message History

The ice beast is almost dead.
The ice beast hits you. The ice beast freezes you!
* * * LOW HITPOINT WARNING * * *
The ice beast barely misses you.
You are too injured to fight recklessly!
You barely miss the ice beast. Your squeeze misses the ice beast.
The ice beast is almost dead.
The ice beast closely misses you.
Casting: Ozocubu's Armour
Confirm with . or Enter, or press ? or * to list all spells.
Aiming: Throw Icicle
Press: ? - help, Shift-Dir - straight line, f - ice beast
Aim: an ice beast (almost dead)
The shard of ice hits the ice beast.
The ice beast is almost dead.
You are feeling hungry.
The ice beast hits you.
* * * LOW HITPOINT WARNING * * *
The ice beast freezes you!
You die...

#.... .... ##.... #....
......######.....
.................
....(................
..........%.........<
.................#...
#...........@Y........
#.......##............
.......##.###..##....
#......# #........
###.###......###........
........................
###.###.............#...
###...#....<####........
........................


You could see an ice beast.

Vanquished Creatures
  An orc priest (D:3)
  An orc wizard (D:3)
  3 adders
  An ooze (D:1)
  3 worms
  3 dart slugs (D:1)
  4 giant geckos
  6 orcs (D:3)
  3 bats
  6 giant cockroaches
  5 goblins
  9 hobgoblins
  A quokka (D:2)
  A ball python (D:2)
  4 giant newts
  8 kobolds
  10 rats
69 creatures vanquished.

Notes
Turn   | Place    | Note
--------------------------------------------------------------
     0 | D:1      | Geeful the Octopode Ice Elementalist began the quest for the Orb.
     0 | D:1      | Reached XP level 1. HP: 11/11 MP: 3/3
   921 | D:1      | Reached XP level 2. HP: 14/17 MP: 5/5
  1226 | D:1      | Reached XP level 3. HP: 12/21 MP: 6/6
  1388 | D:1      | HP: 1/21 [giant gecko (5)]
  1992 | D:1      | Learned a level 3 spell: Ozocubu's Armour
  2067 | D:2      | Reached skill level 4 in Ice Magic
  2368 | D:2      | Reached XP level 4. HP: 25/27 MP: 4/7
  2437 | D:2      | Found a sacrificial altar of Ru.
  2437 | D:2      | Found a shadowy altar of Dithmenos.
  2666 | D:2      | Found a blossoming altar of Fedhas.
  2679 | D:2      | Noticed an oklob plant
  2725 | D:2      | Found a burning altar of Makhleb.
  3426 | D:3      | Found a basalt altar of Yredelemnul.
  3552 | D:3      | Reached XP level 5. HP: 23/31 MP: 5/9
  3845 | D:3      | Found an iron altar of Okawaru.
  3918 | D:3      | Learned a level 4 spell: Throw Icicle
  4381 | D:4      | Noticed an ice beast
  4403 | D:4      | Mangled by an ice beast

Vault maps used:
D:1:      dpeg_arrival_tiny_c, interstate_on_off
D:2:      gammafunk_temple_overflow_pools, nicolae_overflow_crystal_walls,
          tgw_fedhas
D:3:      overflow_temple_1_default, marbit_many_paths
D:4:      lemuel_crystal_altar, temple_doors_e, first_bread

Skill      XL: |  1  2  3  4  5 |
---------------+----------------+-----
Ice Magic      | 4 |  4.8
Dodging        | 3 |  3.1
Spellcasting   | 3 |  3.0
Stealth        | |  2.6
Conjurations   | |  1.0

Action                   |  1- 3 |  4- 6 || total
-------------------------+-------+-------++-------
Melee: Dagger            |     7 |       ||     7
       Short sword       |    59 |    50 ||   109
       Unarmed           |     5 |       ||     5
       Falchion          |       |    32 ||    32
 Cast: Freeze            |    18 |     3 ||    21
       Ozocubu's Armour  |       |     3 ||     3
       Throw Icicle      |       |     1 ||     1
  Use: Scroll            |     2 |     4 ||     6
 Stab: Sleeping          |     6 |     8 ||    14
       Distracted        |     1 |       ||     1
  Eat: Chunk             |     5 |     6 ||    11
